 Dungeon Crawl Stone Soup version 0.30-a0-719-gcc4359ea44 (webtiles) character file.

Game seed: 1212675325271649686

232 sircluck the Trooper (level 6, -5/53 HPs)
             Began as a Hill Orc Fighter on Jan 26, 2023.
             Slain by a gnoll
             ... wielding a +0 halberd
              (11 damage)
             ... on level 5 of the Dungeon.
             The game lasted 00:13:44 (2300 turns).

sircluck the Trooper (Hill Orc Fighter)             Turns: 2300, Time: 00:13:45

Health: -5/53      AC: 12    Str: 18 (21) XL:     6   Next: 4%
Magic:  6/6        EV:  9    Int:  5 (8)  God:
Gold:   184        SH:  9    Dex:  8 (10) Spells: 5/5 levels left

rFire   . . .      SeeInvis .    p - +0 demon blade
rCold   . . .      Faith    .    c - +0 buckler
rNeg    . . .      Spirit   .    b - +2 scale mail
rPois   .          Reflect  +    n - +2 helmet
rElec   .          Harm     .    (no cloak)
rCorr   .          Rampage  .    (no gloves)
Will    .....                    (no boots) Stlth
                                 o - amulet of reflection
HPRegen 0.28/turn                (no ring)
MPRegen 0.10/turn                (no ring)

@: silenced, flying
A: no striking features
a: no special abilities


You were on level 5 of the Dungeon.
You visited 1 branch of the dungeon, and saw 5 of its levels.

You collected 184 gold pieces.

Inventory:

Hand Weapons
 a - a +1 war axe
 d - a +2 dagger of venom
 f - a +0 sling
 p - a +0 demon blade (weapon)
Missiles
 w - 11 poisoned darts (quivered)
 x - 3 stones
Armour
 b - a +2 scale mail (worn)
 c - a +0 buckler (worn)
 i - a +0 chain mail
 j - a +0 buckler
 n - a +2 helmet (worn)
Jewellery
 h - an amulet of the acrobat
 o - an amulet of reflection (around neck)
Scrolls
 g - a scroll of magic mapping
 l - a scroll of amnesia
 r - a scroll of silence
 s - 3 scrolls of identify
Potions
 e - a potion of heal wounds {unknown}
 k - 2 potions of ambrosia {unknown}
 m - a potion of cancellation {unknown}
 t - a potion of haste {unknown}
 u - a potion of flight
 v - a potion of might
 z - a potion of brilliance {unknown}


   Skills:
 + Level 4.4 Fighting
 + Level 3.6 Long Blades
 + Level 3.6 Axes
 + Level 4.2 Armour
 + Level 0.3 Dodging
 + Level 4.1 Shields


You had 5 spell levels left.
You didn't know any spells.
Your spell library contained the following spells:

 Spells                   Type           Power      Damage    Failure   Level
 Beastly Appendage        Tmut           0%         N/A       91%         1
 Freeze                   Ice            0%         1d3       91%         1
 Lesser Beckoning         Tloc           0%         N/A       97%         2
 Wereblood                Tmut           0%         N/A       97%         2
 Frozen Ramparts          Ice            0%         1d1       99%         3
 Gell's Gravitas          Tloc           0%         N/A       99%         3
 Hailstorm                Conj/Ice       0%         3d3       99%         3
 Spider Form              Tmut/Pois      0%         N/A       99%         3
 Teleport Other           Tloc           0%         N/A       99%         3
 Alistair's Intoxication  Tmut/Pois      0%         N/A       100%        5
 Borgnjor's Vile Clutch   Necr/Erth      0%         N/A       100%        5
 Eringya's Noxious Bog    Tmut/Pois      0%         N/A       100%        6


Dungeon Overview and Level Annotations

Branches:
Dungeon (6/15)
 Temple: D:4-7

Altars:


Message History

You slash the gnoll!
You kill the gnoll!
The gnoll hits you but does no damage.
The gnoll hits you from afar with a +0 spear.
The gnoll hits you but does no damage. The gnoll closely misses you.
You block the gnoll's attack.
The gnoll hits you from afar with a +0 halberd.
Your Shields skill increases to level 4!
The gnoll completely misses you. The gnoll barely misses you.
You block the gnoll's attack.
Things that are here:
a +0 whip; a gnoll corpse You slash the gnoll!
The gnoll is almost dead.
The gnoll hits you from afar with a +0 halberd!
The gnoll hits you but does no damage. The gnoll barely misses you.
You hit the gnoll.
You kill the gnoll!
The gnoll hits you from afar with a +0 halberd!
The gnoll hits you but does no damage.
You have reached level 6!
The gnoll hits you with a +0 halberd!
* * * LOW HITPOINT WARNING * * *
The gnoll hits you with a +0 spear!
* * * LOW HITPOINT WARNING * * *
Things that are here:
a +0 club; a gnoll corpse It was a potion of degeneration.
There was something very wrong with that liquid.
You feel weakened.
You feel dopey.
You feel clumsy. The gnoll hits you but does no damage.
The gnoll barely misses you.
It was a potion of flight.
You feel very buoyant.
You fly up into the air.
The gnoll closely misses you. You block the gnoll's attack.
The gnoll attacks as you move away! You block the gnoll's attack.
The gnoll barely misses you. The gnoll hits you but does no damage.
Setting a skill training target for Throwing at 6.0.
The gnoll hits you with a +0 halberd!
You die...

###.####...#
###†####...#
###.####...#######
#...)$.$.........#
.......>...../)).#
.................#
..######...#####g#
..# #...# #g# #?#
#...# #@# #.#
#...# #.# ..#
#...# #........
...# ######.##


You could see 2 gnolls.

Vanquished Creatures
  2 orc priests (D:3)
  A jelly (D:5)
  3 gnolls (D:5)
  4 adders
  2 worms
  3 dart slugs
  3 orcs (D:3)
  5 ball pythons
  6 endoplasms
  3 giant cockroaches (D:1)
  11 goblins
  5 hobgoblins
  A jackal (D:2)
  7 kobolds
  3 quokkas
  3 bats
  A frilled lizard (D:1)
  4 rats
67 creatures vanquished.

Notes
Turn   | Place    | Note
-------+----------+-------------------------------------------
     0 | D:1      | sircluck the Hill Orc Fighter began the quest for the Orb.
     0 | D:1      | Reached XP level 1. HP: 19/19 MP: 1/1
   116 | D:1      | Reached XP level 2. HP: 27/27 MP: 2/2
   309 | D:1      | Reached XP level 3. HP: 33/33 MP: 3/3
  1173 | D:2      | Reached XP level 4. HP: 40/40 MP: 4/4
  1393 | D:2      | Reached skill level 1 in Long Blades
  1871 | D:3      | Reached XP level 5. HP: 33/47 MP: 5/5
  2100 | D:3      | You fall into a shaft and drop 3 floors!
  2148 | D:5      | Entered Level 5 of the Dungeon
  2292 | D:5      | Reached XP level 6. HP: 21/53 MP: 6/6
  2300 | D:5      | Slain by a gnoll

Illustrated notes

Levels and vault maps discovered:
D:1:      amcnicky_arrival_choice, layout_rooms
D:2:      cheibrodos_greedy_goblins, layout_basic, minmay_pentomino_s4
D:3:      layout_basic, kennysheep_big_empty_room
D:5:      layout_loops_cross, reono_crystal_passage
D:6:      layout_loops_ring

Skill      XL: |  1  2  3  4  5 |
---------------+----------------+-----
Axes           | 3 |  3.6
Fighting       | 4 |  4.4
Long Blades    | 2 3 |  3.6
Armour         | 4 |  4.2
Shields        | 4 |  4.1
Dodging        | |  0.3

Action                     |  1- 3 |  4- 6 || total
---------------------------+-------+-------++-------
  Melee: War axe           |    62 |       ||    62
         Demon blade       |    60 |    72 ||   132
    Use: Scroll            |     8 |     3 ||    11
         Potion            |       |     3 ||     3
 Armour: Scale mail        |    82 |    47 ||   129
  Dodge: Dodged            |    78 |    41 ||   119
  Block: Buckler           |    41 |    61 ||   102
         Reflection        |       |     3 ||     3

Table legend: (Time is in decaauts)
 A = Elapsed time spent in this place.
 B = Non-inter-level travel time spent in this place.
 C = Inter-level travel time spent in this place.
 D = Time resting spent in this place.
 E = Time spent auto-exploring this place.
 F = Levels seen in this place.
 G = Mean time per level.
                   A        B        C        D        E       F      G
               +--------+--------+--------+--------+--------+-----+--------+
         Total |   2357 |   2331 |     26 |      0 |   1096 |   5 |  471.4 |
       Dungeon |   2357 |   2331 |     26 |      0 |   1096 |   5 |  471.4 |
               +--------+--------+--------+--------+--------+-----+--------+

Top non-repeatable levels by time:
     D:2: 1061 daAuts
     D:1: 590 daAuts
     D:3: 502 daAuts
     D:5: 154 daAuts
     D:6: 48 daAuts
